 Dungeon Crawl Stone Soup version 0.29.1-1-gd02db6906a (webtiles) character file.

Game seed: 17498270210545083340

147 GeoRichter the Shooter (level 5, 0/41 HPs)
             Began as a Demonspawn Hunter on Oct 17, 2022.
             Killed by divine providence
             ... invoked by an orc priest
              (8 damage)
             ... on level 3 of the Dungeon.
             The game lasted 00:03:05 (1680 turns).

GeoRichter the Shooter (Demonspawn Hunter)          Turns: 1680, Time: 00:03:06

Health: 0/41       AC:  4    Str: 11    XL:     5   Next: 7%
Magic:  0/5        EV: 12    Int: 11    God:
Gold:   101        SH:  0    Dex: 18    Spells: 4/4 levels left

rFire   + + .      SeeInvis .   a - +0 shortbow
rCold   . . .      Faith    .   (shield currently unavailable)
rNeg    . . .      Spirit   +   c - +0 leather armour
rPois   .          Reflect  .   (no helmet)
rElec   .          Harm     .   f - +0 cloak
rCorr   .          Rampage  .   (no gloves)
Will    .....                   (no boots)
Stlth   ++........              n - amulet of guardian spirit
HPRegen 0.13/turn               i - ring of protection from fire
MPRegen 0.09/turn               j - ring of protection from fire

@: no status effects
A: claws 1, foul stench 1
a: no special abilities


You were on level 3 of the Dungeon.
You visited 1 branch of the dungeon, and saw 3 of its levels.

You collected 101 gold pieces.

Inventory:

Hand Weapons
 a - a +0 shortbow (weapon)
Armour
 c - a +0 leather armour (worn)
 f - a +0 cloak (worn)
   (You found it on level 1 of the Dungeon)
Jewellery
 i - a ring of protection from fire (left claw)
   (You found it on level 1 of the Dungeon)
 j - a ring of protection from fire (right claw)
   (You found it on level 1 of the Dungeon)
 m - a ring of willpower
   (You found it on level 3 of the Dungeon)
 n - an amulet of guardian spirit (around neck)
   (You found it on level 2 of the Dungeon)
Scrolls
 b - a scroll of immolation {!r}
 d - 3 scrolls of teleportation {@r4}
 e - a scroll of fear {unknown}
 h - a scroll of blinking {unknown}
 p - a scroll of butterflies {unknown}
Potions
 g - a potion of might
 k - a potion of heal wounds {@q2}
 l - a potion of haste {@q3}
 o - 3 potions of curing {@q1}
 q - 2 potions of cancellation {unknown}


   Skills:
 + Level 3.4 Fighting
 * Level 5.2 Ranged Weapons
 - Level 1.7 Dodging
 - Level 0.8 Stealth


You had 4 spell levels left.
You didn't know any spells.
Your spell library contained the following spells:

 Spells                   Type           Power      Damage    Failure   Level
 Portal Projectile        Hex/Tloc       0%         N/A       80%         3
 Tukima's Dance           Hex            0%         N/A       80%         3
 Blade Hands              Tmut           0%         N/A       100%        5


Dungeon Overview and Level Annotations

Branches:
Dungeon (3/15) Zot: 16255

Altars:
Makhleb
Okawaru


Innate Abilities, Weirdness & Mutations

You have sharp fingernails.
You may rarely emit foul miasma when damaged in melee.


Message History

The arrow hits the orc but does no damage.
An orc priest comes into view. It is wielding a +0 whip.
You shoot an arrow. The orc priest shouts!
The arrow hits the orc.
The orc priest casts a cantrip, but nothing happens.
You shoot an arrow. The arrow hits the orc.
A kobold comes into view. It is wielding a +0 short sword.
The orc throws a boomerang.
The boomerang hits you.
You shoot an arrow. The arrow barely misses the orc.
The arrow hits the orc!
You kill the orc!
You shoot an arrow. The arrow barely misses the orc.
The arrow hits the orc.
The orc priest mumbles some strange prayers to Beogh against you.
Beogh smites you!
An endoplasm comes into view.
The orc hits you with a +0 club.
You shoot an arrow.
The arrow hits the orc but does no damage.
The orc misses you. The orc closely misses you.
You shoot an arrow. The arrow barely misses the orc.
The arrow hits the orc.
The orc priest calls down the wrath of Beogh upon you.
Beogh smites you!
* * * LOW HITPOINT WARNING * * *
The orc hits you with a +0 club.
* * * LOW HITPOINT WARNING * * *
Unknown command.
Unknown command.
You are too injured to fight recklessly!
You are too injured to fight recklessly!
You are too injured to fight recklessly!
Fire: a) +0 shortbow
Aim: an orc, wielding a +0 club, wearing a +0 ring mail and quivering boomerangs (heavily wounded, 68% to hit)
You shoot an arrow. The arrow hits the orc!
You kill the orc!
Fire: a) +0 shortbow
Aim: an orc, wielding a +0 mace (almost dead, 64% to hit)
You shoot an arrow. The arrow completely misses the orc.
The arrow barely misses the orc priest.
The arrow hits the endoplasm!
You kill the endoplasm!
The orc hits you with a +0 mace.
* * * LOW HITPOINT WARNING * * *
Fire: a) +0 shortbow
Aim: an orc, wielding a +0 mace (severely wounded, 64% to hit)
You shoot an arrow. The arrow barely misses the orc.
The arrow barely misses the orc priest.
The arrow hits the kobold but does no damage.
The orc priest calls down the wrath of Beogh upon you.
Beogh smites you!
You die...

... #.# #K# #.# #)# #o# #o#
#@##..# #.##..# #.##..# #†##..#
#.##..# ################.##..#
..................#..############
###################......))......
##...............)...############


You could see an orc priest, an orc and a kobold.

Vanquished Creatures
  4 gnolls (D:3)
  4 adders
  A worm (D:2)
  A dart slug (D:1)
  2 orcs (D:3)
  9 endoplasms
  2 giant cockroaches (D:1)
  4 goblins
  3 hobgoblins
  9 jackals
  3 kobolds
  3 quokkas
  5 ball pythons
  3 bats
  4 frilled lizards (D:1)
  6 rats
63 creatures vanquished.

Vanquished Creatures (others)
  3 plants (D:3)
3 creatures vanquished.

Grand Total: 66 creatures vanquished

Notes
Turn   | Place    | Note
-------+----------+-------------------------------------------
     0 | D:1      | GeoRichter the Demonspawn Hunter began the quest for the
                  | Orb.
     0 | D:1      | Reached XP level 1. HP: 16/16 MP: 1/1
    65 | D:1      | Gained mutation: You may rarely emit foul miasma when
                  | damaged in melee. [demonic ancestry]
    65 | D:1      | Reached XP level 2. HP: 22/22 MP: 2/2
    71 | D:1      | Reached skill level 4 in Ranged Weapons
   266 | D:1      | Reached XP level 3. HP: 27/28 MP: 3/3
  1042 | D:2      | Reached XP level 4. HP: 35/35 MP: 4/4
  1164 | D:3      | Found a burning altar of Makhleb.
  1282 | D:3      | Found an iron altar of Okawaru.
  1475 | D:3      | Reached skill level 5 in Ranged Weapons
  1662 | D:3      | Gained mutation: You have sharp fingernails. [demonic
                  | ancestry]
  1662 | D:3      | Reached XP level 5. HP: 41/41 MP: 5/5
  1680 | D:3      | Killed from afar by an orc priest

Illustrated notes

Levels and vault maps discovered:
D:1:      lemuel_arrival_rhombus, layout_basic, minmay_statues_item
D:2:      layout_rooms
D:3:      layout_basic, mainiacjoe_overflow_tiny_flanked,
          chequers_temple_overflow_statue_of_worship, general_overflow_altar,
          serial_bayou_lake_a

Skill      XL: |  1  2  3  4 |
---------------+-------------+-----
Ranged Weapons | 4 5 |  5.2
Fighting       | 3 |  3.4
Dodging        | |  1.7
Stealth        | |  0.8

Action                   |  1- 3 |  4- 6 || total
-------------------------+-------+-------++-------
 Fire: Shortbow          |   107 |    52 ||   159
  Use: Scroll            |       |     6 ||     6
Armor: Leather armour    |    22 |     8 ||    30
Dodge: Dodged            |    25 |    12 ||    37
